 Dungeon Crawl Stone Soup version 0.30-a0-172-gc5509c9e31 (webtiles) character file.

Game seed: 12270829732435602290

8911 KennySheep the Carver (level 11, -12/67 HPs)
             Began as a Tengu Delver on Oct 1, 2022.
             Was an Elder of Makhleb.
             Mangled by a gargoyle
             ... wielding a +0 mace
              (16 damage)
             ... on level 10 of the Dungeon.
             The game lasted 00:42:28 (10730 turns).

KennySheep the Carver (Tengu Delver)               Turns: 10730, Time: 00:42:28

Health: -12/67     AC: 14    Str: 12    XL:     11   Next: 38%
Magic:  0/16       EV:  9    Int: 10    God:    Makhleb [****..]
Gold:   596        SH:  8    Dex: 21    Spells: 10/10 levels left

rFire   . . .      SeeInvis .    v - +0 long sword
rCold   . . .      Faith    .    b - +0 kite shield
rNeg    . . .      Spirit   +    p - +0 chain mail
rPois   +          Reflect  .    (helmet restricted)
rElec   .          Harm     .    F - +0 cloak
rCorr   .          Rampage  .    B - +0 pair of gloves
Will    +....                    (boots unavailable)
Stlth   ..........               u - amulet of guardian spirit
HPRegen 0.31/turn                n - ring of poison resistance
MPRegen 0.15/turn                H - ring of willpower

@: flying quickly and evasively, quick
A: beak, talons 3, nimble flight
a: Renounce Religion, Minor Destruction, Lesser Servant of Makhleb, Major
Destruction


You were on level 10 of the Dungeon.
You worshipped Makhleb.
Makhleb was greatly pleased with you.
You visited 2 branches of the dungeon, and saw 11 of its levels.
You also visited: Bailey.

You collected 596 gold pieces.

Inventory:

Hand Weapons
 a - a +0 falchion
 v - a +0 long sword (weapon)
Missiles
 M - a throwing net
Armour
 b - a +0 kite shield (worn)
 p - a +0 chain mail (worn)
 B - a +0 pair of gloves (worn)
 F - a +0 cloak (worn)
Jewellery
 f - a ring of magical power
 n - a ring of poison resistance (left hand)
 u - an amulet of guardian spirit (around neck)
 H - a ring of willpower (right hand)
 N - a +4 ring of evasion
 Q - a ring of see invisible
Wands
 g - a wand of digging (11)
 j - a wand of iceblast (14)
 s - a wand of acid (12)
 G - a wand of mindburst (4)
 K - a wand of flame (17)
 O - a wand of paralysis (5)
Scrolls
 c - a scroll of fog
 d - 4 scrolls of magic mapping
 e - a scroll of fear
 h - 5 scrolls of identify
 k - 3 scrolls of teleportation
 l - 2 scrolls of immolation
 o - 2 scrolls of noise
 x - 2 scrolls of butterflies
 y - a scroll of enchant weapon
 A - 2 scrolls of brand weapon
 C - 2 scrolls of vulnerability
 D - 3 scrolls of amnesia
 E - 2 scrolls of enchant armour
 I - a scroll of poison
 P - a scroll of blinking {unknown}
Potions
 i - 2 potions of magic
 m - 2 potions of attraction {unknown}
 q - 5 potions of mutation
 r - a potion of invisibility
 t - 4 potions of brilliance {unknown}
 w - a potion of flight
 z - 2 potions of degeneration {unknown}
 J - 4 potions of might
 L - a potion of haste
 R - a potion of curing


   Skills:
 + Level 7.5 Fighting
 * Level 10.8 Long Blades
 * Level 9.8 Armour
 + Level 7.8 Dodging
 - Level 5.2 Stealth
 + Level 0.0 Shields
 + Level 5.4 Invocations


You had 10 spell levels left.
You didn't know any spells.
Your spell library contained the following spells:

 Spells                   Type           Power      Damage    Failure   Level
 Beastly Appendage        Tmut           0%         N/A       100%        1
 Freeze                   Ice            0%         1d3       100%        1
 Ensorcelled Hibernation  Hex/Ice        0%         N/A       100%        2
 Passwall                 Tmut/Erth      0%         N/A       100%        2
 Wereblood                Tmut           0%         N/A       100%        2
 Frozen Ramparts          Ice            0%         1d1       100%        3
 Hailstorm                Conj/Ice       0%         3d3       100%        3
 Spider Form              Tmut/Pois      0%         N/A       100%        3
 Swiftness                Air            0%         N/A       100%        3


Dungeon Overview and Level Annotations

Branches:
Dungeon (10/15)            Temple (1/1) D:5            Lair (0/5) D:9
 Bailey (visited)
    Orc: D:9-12

Altars:
Ashenzari
Cheibriados
Dithmenos
Elyvilon
Fedhas
Gozag
Hepliaklqana
Kikubaaqudgha
Makhleb
Nemelex Xobeh
Okawaru
Qazlal
Ru
Sif Muna
Trog
Uskayaw
Vehumet
Wu Jian
Xom
Yredelemnul
Zin
The Shining One

Shops:
D:9 =

Annotations:
D:8 3 runed translucent doors, purpskrrrp's ghost, novice FoFi


Innate Abilities, Weirdness & Mutations

You have a beak for a mouth.
You have claws for feet.
Your magical nature lets you fly swiftly and evasively.


Message History

You completely miss the gargoyle. Your kick misses the gargoyle.
You peck the gargoyle, but do no damage.
The gargoyle is moderately damaged.
The gargoyle hits you with a +0 mace!
You barely miss the gargoyle.
You claw the gargoyle, but do no damage.
The gargoyle is moderately damaged.
The gargoyle hits you but does no damage.
You barely miss the gargoyle.
You claw the gargoyle, but do no damage.
Your peck misses the gargoyle.
The gargoyle is moderately damaged.
The gargoyle hits you with a +0 mace!
Aiming: Major Destruction (19% risk of failure)
Press: ? - help, Shift-Dir - straight line, f - gargoyle
Aim: a gargoyle, wielding a +0 mace (moderately damaged)
You fail to use your ability.
The gargoyle hurls a stone arrow at you.
The stone arrow hits you!
Aiming: Major Destruction (19% risk of failure)
Press: ? - help, Shift-Dir - straight line, f/p - gargoyle
Aim: a gargoyle, wielding a +0 mace (moderately damaged)
The bolt of magma hits the gargoyle.
The gargoyle is moderately damaged.
The gargoyle hits you with a +0 mace.
You closely miss the gargoyle.
The gargoyle is moderately damaged.
You block the gargoyle's attack.
You hit the gargoyle but do no damage.
The gargoyle is moderately damaged.
The gargoyle hurls a stone arrow at you.
The stone arrow hits you!!
* * * LOW HITPOINT WARNING * * *
You barely miss the gargoyle. Your kick misses the gargoyle.
Your peck misses the gargoyle.
The gargoyle is moderately damaged.
The gargoyle hits you with a +0 mace.
* * * LOW HITPOINT WARNING * * *
The gargoyle hits you with a +0 mace!
You die...

### #.. ###############
#..
+....9@......<#######..
####..#######..........
#.. #########.. #.. #..
#.. ### #.. # #.. # #..
# ############


You could see a gargoyle.

Vanquished Creatures
  A two-headed ogre (Bailey)
  A komodo dragon (D:9)
  A troll (D:10)
  2 spriggans (Bailey)
  3 wyverns
  A shadow (D:8)
  A wraith (D:9)
  5 yaks (D:10)
  Menkaure (D:7)
  An acid dragon (D:8)
  2 water moccasins (D:6)
  A black bear (D:6)
  Duvessa (D:7)
  2 ice beasts
  An orc warrior (D:8)
  2 sky beasts
  7 ogres
  3 centaurs
  2 bullfrogs
  Blork the orc (D:4)
  2 kobold brigands (D:8)
  A necrophage (D:8)
  A scorpion (D:6)
  A gnoll sergeant (D:8)
  9 wights
  8 killer bees
  Dowan (D:7)
  8 howler monkeys
  3 hounds
  5 orc priests
  A gnoll bouda (D:7)
  A jelly (D:6)
  4 iguanas
  5 orc wizards
  16 gnolls
  6 adders
  3 river rats (D:4)
  A white imp (D:7)
  2 ufetubi
  A worm (D:4)
  5 dart slugs
  23 orcs
  2 endoplasms
  4 giant cockroaches
  5 goblins
  4 hobgoblins
  4 jackals
  8 kobolds
  2 quokkas (D:3)
  8 ball pythons
  6 bats
  4 frilled lizards
  7 rats
200 creatures vanquished.

Vanquished Creatures (collateral kills)
  Gastronok (D:8)
  A spriggan (Bailey)
  An acid dragon (Bailey)
  An ogre (Bailey)
  A bullfrog (D:8)
  A killer bee (D:9)
  A howler monkey (D:8)
  2 gnolls (D:8)
  A kobold (D:8)
10 creatures vanquished.

Vanquished Creatures (others)
  3 plants (D:9)
3 creatures vanquished.

Grand Total: 213 creatures vanquished

Notes
Turn   | Place    | Note
-------+----------+-------------------------------------------
     0 | D:5      | KennySheep the Tengu Delver began the quest for the Orb.
     0 | D:5      | Reached XP level 1. HP: 14/14 MP: 2/2
    20 | D:5      | Found a staircase to the Ecumenical Temple.
    28 | D:5      | Noticed a hound
    31 | Temple   | Entered the Ecumenical Temple
    75 | Temple   | Became a worshipper of Makhleb the Destroyer
   154 | D:2      | Reached XP level 2. HP: 19/19 MP: 3/3
   798 | D:1      | Reached XP level 3. HP: 18/23 MP: 4/4
   948 | D:1      | Reached skill level 3 in Long Blades
  1861 | D:2      | Found a shadowy altar of Dithmenos.
  1906 | D:3      | Reached XP level 4. HP: 18/28 MP: 5/5
  1911 | D:2      | Reached * piety under Makhleb
  2291 | D:3      | Reached skill level 1 in Armour
  2527 | D:3      | Gained mutation: Your magical nature lets you fly swiftly
                  | and evasively. [Tengu growth]
  2527 | D:3      | Reached XP level 5. HP: 27/32 MP: 4/6
  2589 | D:3      | Found a basalt altar of Yredelemnul.
  2620 | D:3      | Reached skill level 4 in Long Blades
  2639 | D:3      | Found a sparkling altar of Nemelex Xobeh.
  2721 | D:3      | Found a hide-covered altar of Uskayaw.
  3033 | D:3      | Found a faded altar of an unknown god.
  3201 | D:4      | Noticed an ogre
  3209 | D:4      | Killed an ogre
  3234 | D:4      | Reached XP level 6. HP: 38/38 MP: 7/7
  3361 | D:4      | Noticed Blork the orc
  3368 | D:4      | Killed Blork the orc
  3369 | D:4      | Reached skill level 5 in Long Blades
  3590 | D:4      | Found an ornate altar of the Wu Jian Council.
  3812 | D:5      | Reached ** piety under Makhleb
  3849 | D:5      | Reached XP level 7. HP: 43/43 MP: 8/8
  4503 | D:5      | Reached skill level 1 in Invocations
  4617 | D:6      | Reached skill level 6 in Long Blades
  4709 | D:6      | Reached XP level 8. HP: 48/48 MP: 8/10
  4959 | D:6      | Reached skill level 5 in Fighting
  5212 | D:6      | Reached skill level 5 in Dodging
  5258 | D:6      | Reached skill level 7 in Long Blades
  5258 | D:6      | Reached skill level 5 in Armour
  5403 | D:7      | Noticed Duvessa
  5417 | D:7      | Killed Duvessa
  5577 | D:7      | Noticed Menkaure
  5580 | D:7      | Killed Menkaure
  5581 | D:7      | Reached XP level 9. HP: 31/54 MP: 5/12
  5653 | D:7      | Noticed Dowan
  5661 | D:7      | Killed Dowan
  5663 | D:7      | Found a hazy altar of Hepliaklqana.
  5666 | D:7      | Found a shimmering blue altar of Sif Muna.
  5671 | D:7      | Found a snail-covered altar of Cheibriados.
  5886 | D:7      | Found a shadowy altar of Dithmenos.
  6213 | D:7      | HP: 2/50 [wight/+0 great sword (6)]
  6229 | D:7      | Reached skill level 8 in Long Blades
  6415 | D:7      | Reached *** piety under Makhleb
  6423 | D:7      | Found a blossoming altar of Fedhas.
  6693 | D:7      | Found an iron altar of Okawaru.
  6850 | D:7      | Found a broken altar of Ashenzari.
  7042 | D:8      | Identified the +0 chain mail of the Fletcher {rF++ rC-
                  | Will+}
  7411 | D:8      | Reached XP level 10. HP: 60/60 MP: 13/13
  7413 | D:8      | Noticed Gastronok
  7430 | D:8      | Killed Gastronok
  7431 | D:8      | Reached skill level 9 in Long Blades
  7683 | D:8      | Found a radiant altar of Vehumet.
  7751 | D:8      | Found a runed translucent gate.
  7760 | D:8      | Found an opulent altar of Gozag.
  7761 | D:8      | Found a runed translucent gate.
  7761 | D:8      | Found a runed translucent gate.
  7764 | D:8      | Noticed purpskrrrp's ghost (novice FoFi)
  7765 | D:8      | Noticed a boulder beetle
  8075 | D:9      | Found Zeskypp's Jewellery Shoppe.
  8161 | D:9      | Reached **** piety under Makhleb
  8245 | D:9      | Found a flagged portal.
  8255 | Bailey   | Entered a bailey
  8295 | Bailey   | Reached skill level 10 in Long Blades
  8436 | Bailey   | Noticed a two-headed ogre
  8446 | Bailey   | Killed a two-headed ogre
  8447 | Bailey   | Reached skill level 5 in Invocations
  8447 | Bailey   | Reached XP level 11. HP: 64/67 MP: 15/15
  8479 | Bailey   | HP: 2/67 [spriggan/+1 rapier of venom (14)]
  9194 | D:9      | Found a stormy altar of Qazlal.
  9202 | D:9      | Found a glowing golden altar of the Shining One.
  9664 | D:9      | Found a staircase to the Lair.
 10054 | D:10     | Entered Level 10 of the Dungeon
 10730 | D:10     | Mangled by a gargoyle

Illustrated notes

Levels and vault maps discovered:
D:1:      dpeg_arrival_three_smaller_balls, layout_basic, hangedman_decor_push
D:2:      layout_loops_ring, basic_altar, chequers_serial_rivers_small_b
D:3:      layout_basic, yredelemnul_altar_generic, lemuel_tele_altar,
          lemuel_round_altar, hellmonk_ecumenical_altar_run_dry,
          minmay_misc_feat_iff
D:4:      layout_rooms, nzn_wu_jian_council_hall, portal_sewer_entry_e,
          uniq_blork_the_orc
D:5:      layout_gridville, minmay_temple_entry_arrows
D:6:      layout_cave_pools
D:7:      layout_basic, mainiacjoe_overflow_brackets,
          nicolae_overflow_hidden_temple, grunt_temple_overflow_open,
          uniq_duvessa, uniq_menkaure
D:8:      layout_cave_pools, marbit_many_paths, ebering_ghost_gozag,
          chequers_serial_rivers_small_b, uniq_gastronok
D:9:      layout_layer_cave, minitemple, david_lair_shrubbed, serial_shops,
          shop, enter_bailey_5
D:10:     layout_roguey, amcnicky_mini_rare_corridor_liquid,
          lemuel_flamethrower_1
Temple:   nicolae_temple_ecumenical_triangle

Skill      XL: |  1  2  3  4  5  6  7  8  9 10 |
---------------+-------------------------------+-----
Long Blades    | 3 4 5 6 7 8 10 | 10.8
Armour         | 1 2 4 5 7 9 |  9.8
Dodging        | 3 4 5 6 7 |  7.8
Fighting       | 4 5 6 7 |  7.5
Invocations    | 1 2 3 5 |  5.4
Stealth        | |  5.2

Action                   |  1- 3 |  4- 6 |  7- 9 | 10-12 || total
-------------------------+-------+-------+-------+-------++-------
Melee: Falchion          |    79 |    13 |       |       ||    92
       Peck              |    10 |    23 |    54 |    57 ||   144
       Kick              |    11 |    24 |    82 |    68 ||   185
       Long sword        |       |   101 |   285 |   229 ||   615
       Punch             |       |     1 |     3 |       ||     4
Throw: Throwing net      |       |       |     1 |       ||     1
Invok: Minor Destruction |       |       |    18 |     7 ||    25
       Lesser Servant of |       |       |     1 |     5 ||     6
       Major Destruction |       |       |       |     1 ||     1
  Use: Scroll            |       |     5 |     7 |     5 ||    17
       Potion            |       |     2 |     3 |     2 ||     7
 Stab: Sleeping          |     5 |       |       |       ||     5
       Distracted        |       |       |     1 |       ||     1
Armor: Leather armour    |    21 |       |       |       ||    21
       Chain mail        |    28 |    55 |   174 |   147 ||   404
Dodge: Dodged            |    61 |    43 |   139 |   138 ||   381
Block: Kite shield       |       |       |       |     5 ||     5

Table legend: (Time is in decaauts)
 A = Elapsed time spent in this place.
 B = Non-inter-level travel time spent in this place.
 C = Inter-level travel time spent in this place.
 D = Time resting spent in this place.
 E = Time spent auto-exploring this place.
 F = Levels seen in this place.
 G = Mean time per level.
                   A        B        C        D        E       F      G
               +--------+--------+--------+--------+--------+-----+--------+
         Total |  10303 |   9806 |    497 |   2196 |   5707 |  12 |  858.6 |
       Dungeon |   9802 |   9313 |    489 |   2007 |   5581 |  10 |  980.2 |
        Temple |     53 |     45 |      8 |      0 |     18 |   1 |   53.0 |
        Bailey |    447 |    447 |      0 |    189 |    108 |   1 |  447.0 |
               +--------+--------+--------+--------+--------+-----+--------+

Top non-repeatable levels by time:
     D:9: 1569 daAuts
     D:6: 1228 daAuts
     D:3: 1117 daAuts
     D:8: 1067 daAuts
     D:1: 1028 daAuts
     D:7: 936 daAuts
     D:2: 890 daAuts
     D:5: 853 daAuts
     D:4: 607 daAuts
    D:10: 504 daAuts
  Bailey: 447 daAuts
  Temple: 53 daAuts
